 Dungeon Crawl Stone Soup version 0.31-a0-227-ga22c3bf811 (webtiles) character file.

Game seed: 3030930098006779402

534 Morgoth2127 the Conjurer (level 7, -5/36 HPs)
             Began as a Deep Elf Conjurer on July 5, 2023.
             Slain by Duvessa
             ... wielding a +0 rapier
              (6 damage)
             ... on level 4 of the Dungeon.
             The game lasted 00:05:22 (3707 turns).

Morgoth2127 the Conjurer (Deep Elf Conjurer)        Turns: 3707, Time: 00:05:22

Health: -5/36      AC:  2    Str:  4    XL:     7   Next: 4%
Magic:  1/16       EV: 12    Int: 31    God:
Gold:   289        SH:  0    Dex: 13    Spells: 5/16 levels left

rFire   . . .        e - +1 dagger (flame)
rCold   . . .        (no shield)
rNeg    . . .        a - +0 robe
rPois   .            (no helmet)
rElec   .            (no cloak)
rCorr   .            (no gloves)
SInv    .            (no boots)
Will    .....        (no amulet)
Stlth   ++           p - +6 ring of intelligence
HPRegen 0.26/turn    (no ring)
MPRegen 0.15/turn

%: no passive effects
@: very slightly contaminated
A: no striking features
a: no special abilities


You were on level 4 of the Dungeon.
You visited 1 branch of the dungeon, and saw 4 of its levels.

You collected 289 gold pieces.

Inventory:

Hand Weapons
 e - a +1 dagger of flaming (weapon)
Armour
 a - a +0 robe (worn)
 m - a +0 buckler
Jewellery
 p - a +6 ring of intelligence (left hand)
Scrolls
 c - 7 scrolls of identify {unknown}
 h - 2 scrolls of immolation {unknown}
 j - a scroll of silence {unknown}
 k - 2 scrolls of teleportation {unknown}
 q - 2 scrolls of revelation
Potions
 f - 2 potions of curing {unknown}
 n - a potion of degeneration {unknown}
 o - 2 potions of resistance {unknown}
 r - 2 potions of brilliance {unknown}
 s - a potion of might {unknown}


   Skills:
 - Level 2.4 Dodging
 - Level 2.4 Stealth
 - Level 5.0 Spellcasting
 - Level 7.0 Conjurations
 - Level 4.0 Hexes
 + Level 3.3 Translocations


You had 5 spell levels left.
You knew the following spells:

 Your Spells              Type           Power      Damage    Failure   Level
a - Magic Dart            Conj           100%       1d8       1%          1
c - Searing Ray           Conj           100%       2d8       1%          2
s - Iskenderun's Mystic   Conj/Tloc      39%        2d9       6%          4
x - Fulminant Prism       Conj/Hex       20%        3d12      5%          4

Your spell library contained the following spells:

 Spells                   Type           Power      Damage    Failure   Level
 Shock                    Conj/Air       100%       1d9       1%          1
 Slow                     Hex            100%       N/A       1%          1
 Dazzling Flash           Conj/Hex       82%        N/A       1%          3
 Summon Guardian Golem    Hex/Summ       20%        N/A       7%          3
 Swiftness                Air            7%         N/A       16%         3
 Airstrike                Air            3%         2d(1-17)  47%         4
 Orb of Destruction       Conj           25%        9d9       95%         7
 Spellforged Servitor     Conj/Summ      14%        N/A       100%        7


Dungeon Overview and Level Annotations

Branches:
Dungeon (4/15)
 Temple: D:4-7

Altars:
Yredelemnul
Jiyva

Shops:
D:2 *

Annotations:
D:1 2 runed translucent doors, exclusion: 2 doors
D:4 Duvessa


Message History

Confirm with . or Enter, or press ? or * to list all spells.
Aiming: Magic Dart (safe; 1% risk of failure)
Press: ? - help, Shift-Dir - straight line, f - Duvessa
Aim: Duvessa, wielding a +0 rapier and wearing a +0 scale mail (almost dead, berserk, 100% to hit)
The magic dart hits Duvessa but does no damage.
Duvessa is almost dead.
Duvessa rages.
Unknown command.
Unknown command.
Throw: boomerang (disperse)
Press: ? - help, Shift-Dir - straight line, f/p - Duvessa
Aim: Duvessa, wielding a +0 rapier and wearing a +0 scale mail (almost dead, berserk, 64% to hit)
You throw a boomerang of dispersal.
The boomerang of dispersal hits Duvessa and shatters, but does no damage.
Duvessa is almost dead.
Duvessa misses you. Duvessa hits you with a +0 rapier!
Unknown command.
You aren't carrying any items that you can evoke.
As you read the scroll labelled XUSUAPEWA, it crumbles to dust.
It is a scroll of amnesia.
Really abort (and waste the scroll)?
Okay, then.
Duvessa closely misses you.
As you read the scroll labelled GED JEHORAZ, it crumbles to dust.
It is a scroll of brand weapon.
Your +1 dagger of freezing is engulfed in flames!
e - a +1 dagger of flaming (weapon)
Duvessa barely misses you. Duvessa hits you with a +0 rapier.
Unknown command.
Unknown command.
Okay, then.
As you read the scroll labelled ZEIROL HOEKEFA, it crumbles to dust.
You feel aware of your surroundings.
It was a scroll of revelation.
Duvessa hits you with a +0 rapier!
* * * LOW HITPOINT WARNING * * *
Unknown command.
The air fills with toxic fumes!
As you read the scroll labelled COXAHE OHAYJAY, it crumbles to dust.
It was a scroll of poison.
Duvessa hits you with a +0 rapier.
You die...

##.......## #..#
#.......############§§#
##....##############§§###
#..### ###########§§§..##
##.## ##########§§##...#*
#..# ########§§§####...#*
##.##
#######§§§#######e.#** *
#..# ######§§e######
*#...#** ***
##†#######§§@#######
*#....,
#.####..#####§§§########
*....,
#..........#§§§####...##
*,...,
#....####§§§§§####.....#
*,,.., ....#*
##§§§§##.......#* **,,,,
##..*
##§§...........*****,,,,
#.,*
###............**,,,,,,,
#***
###............,,,,*,,,,
#.........,,,,****,,,,


You could see Duvessa (berserk).

Vanquished Creatures
  Sigmund (D:2)
  A black bear (D:3)
  Dowan (D:4)
  An orc priest (D:4)
  A hound (D:4)
  Jessica (D:3)
  5 adders
  An ufetubus (D:4)
  A worm (D:2)
  2 dart slugs
  8 orcs
  4 endoplasms
  A giant cockroach (D:4)
  9 goblins
  11 hobgoblins
  8 jackals
  2 quokkas
  7 ball pythons
  5 bats
  2 frilled lizards
  8 kobolds
  2 rats
82 creatures vanquished.

Vanquished Creatures (others)
  3 fulminant prisms (D:4)
3 creatures vanquished.

Grand Total: 85 creatures vanquished

Notes
Turn   | Place    | Note
-------+----------+-------------------------------------------
     0 | D:1      | Morgoth2127 the Deep Elf Conjurer began the quest for the
                  | Orb.
     0 | D:1      | Reached XP level 1. HP: 10/10 MP: 6/6
   102 | D:1      | Found a large runed translucent door.
   102 | D:1      | Found a large runed translucent door.
   102 | D:1      | Found a viscous altar of Jiyva.
   102 | D:1      | Noticed a jelly
   102 | D:1      | Noticed a jelly
   103 | D:1      | Noticed a jelly
   145 | D:1      | Noticed a jelly
   163 | D:1      | Noticed a jelly
   163 | D:1      | Noticed a jelly
   165 | D:1      | Noticed a jelly
   168 | D:1      | Noticed a jelly
   283 | D:1      | Reached XP level 2. HP: 15/15 MP: 1/8
   317 | D:1      | Reached skill level 5 in Conjurations
   462 | D:1      | Found a faded altar of an unknown god.
   606 | D:1      | Learned a level 2 spell: Searing Ray
   981 | D:2      | Reached XP level 3. HP: 19/19 MP: 4/9
  1176 | D:2      | Noticed Sigmund
  1274 | D:2      | Killed Sigmund
  1275 | D:2      | Reached skill level 7 in Conjurations
  1275 | D:2      | Reached XP level 4. HP: 20/24 MP: 8/12
  1275 | D:2      | Reached XP level 5. HP: 23/28 MP: 8/13
  1420 | D:2      | Found Imiehul's Assorted Antiques.
  1502 | D:2      | Found a basalt altar of Yredelemnul.
  1803 | D:2      | Learned a level 4 spell: Iskenderun's Mystic Blast
  1808 | D:2      | Learned a level 4 spell: Fulminant Prism
  1931 | D:3      | Noticed a black bear
  1940 | D:3      | Killed a black bear
  1941 | D:3      | Reached skill level 5 in Spellcasting
  1941 | D:3      | Reached skill level 1 in Translocations
  1941 | D:3      | Reached XP level 6. HP: 27/32 MP: 4/15
  2137 | D:3      | Noticed Jessica
  2146 | D:3      | Killed Jessica
  2195 | D:3      | Got Jessica's Grimoire of the Evil Eye
  3671 | D:4      | Noticed Dowan
  3676 | D:4      | Killed Dowan
  3677 | D:4      | Reached XP level 7. HP: 36/36 MP: 10/16
  3686 | D:4      | Noticed Duvessa
  3706 | D:4      | HP: 1/36 [Duvessa/+0 rapier (12)]
  3707 | D:4      | Slain by Duvessa

Illustrated notes

Levels and vault maps discovered:
D:1:      erik_arrival_cave_to_civilisation [erik_arrival_cave_to_temple],
          layout_basic, shapermc_ecumenical_altar_ellora, minmay_fountain_box
D:2:      layout_loops_ring, basic_altar, serial_shops, shop,
          nicolae_elevator_lobby_asterisk, uniq_sigmund
D:3:      layout_loops_ring, kennysheep_jessica_study
D:4:      layout_cave_pods, uniq_grinder, uniq_duvessa

Skill      XL: |  1  2  3  4  5  6 |
---------------+-------------------+-----
Conjurations   | 5 7 |  7.0
Spellcasting   | 4 5 |  5.0
Hexes          | 2 4 |  4.0
Translocations | 1 3 |  3.3
Dodging        | |  2.4
Stealth        | |  2.4

Action                     |  1- 3 |  4- 6 |  7- 9 || total
---------------------------+-------+-------+-------++-------
  Melee: Unarmed           |    12 |       |       ||    12
         Dagger            |       |     1 |       ||     1
  Throw: Boomerang         |     1 |       |     1 ||     2
   Cast: Magic Dart        |    60 |   104 |     1 ||   165
         Searing Ray       |     2 |     8 |       ||    10
         Fulminant Prism   |       |       |     3 ||     3
         Iskenderun's Myst |       |       |     2 ||     2
    Use: Scroll            |       |       |     4 ||     4
         Potion            |       |       |     1 ||     1
 Armour: Robe              |     2 |     1 |       ||     3
  Dodge: Dodged            |    21 |     6 |     4 ||    31

Table legend: (Time is in decaauts)
 A = Elapsed time spent in this place.
 B = Non-inter-level travel time spent in this place.
 C = Inter-level travel time spent in this place.
 D = Time resting spent in this place.
 E = Time spent auto-exploring this place.
 F = Levels seen in this place.
 G = Mean time per level.
                   A        B        C        D        E       F      G
               +--------+--------+--------+--------+--------+-----+--------+
         Total |   3706 |   3653 |     53 |     66 |   3161 |   4 |  926.5 |
       Dungeon |   3706 |   3653 |     53 |     66 |   3161 |   4 |  926.5 |
               +--------+--------+--------+--------+--------+-----+--------+

Top non-repeatable levels by time:
     D:3: 1164 daAuts
     D:1: 1003 daAuts
     D:2: 818 daAuts
     D:4: 720 daAuts
